 Dungeon Crawl Stone Soup version 0.28-a0-1002-gf00fe891ef (webtiles) character file.

Game seed: 16844522768998007876

3664 fragbeetle the Protected (level 9, -3/79 HPs)
             Began as a Minotaur Fighter on Dec 6, 2021.
             Was an Initiate of the Shining One.
             Slain by a yak (7 damage)
             ... on level 9 of the Dungeon.
             The game lasted 00:20:52 (7519 turns).

fragbeetle the Protected (Minotaur Fighter)         Turns: 7519, Time: 00:20:53

Health: -3/79      AC: 14    Str: 23    XL:     9   Next: 89%
Magic:  0/8        EV:  9    Int:  7    God:    the Shining One [......]
Gold:   337        SH:  5    Dex: 10    Spells: 8/8 levels left

rFire   + . .      SeeInvis .   y - +5 short sword "Yjehucib" {vorpal, rC++}
rCold   + + .      Faith    .   c - +0 buckler
rNeg    . . .      Spirit   +   p - +2 chain mail {rC+}
rPois   .          Reflect  .   (helmet restricted)
rElec   .          Harm     .   i - +0 cloak
rCorr   .          Rampage  .   (no gloves)
Will    .....                   (no boots)
Stlth   ..........              q - amulet of guardian spirit
HPRegen 0.23/turn               G - ring of fire
MPRegen 0.11/turn               (no ring)

@: glowing
A: horns 2, retaliatory headbutt
a: Renounce Religion


You were on level 9 of the Dungeon.
You worshipped the Shining One.
The Shining One was noncommittal.
You visited 2 branches of the dungeon, and saw 10 of its levels.
You also visited: Sewer.

You collected 337 gold pieces.

Inventory:

Hand Weapons
 a - a +0 long sword
 g - a +0 short sword of venom
 h - a +3 quarterstaff of chaos
 x - a +1 whip of venom
 y - the +5 short sword "Yjehucib" (weapon) {vorpal, rC++}
   (You found it on level 4 of the Dungeon)

   It inflicts extra damage upon your enemies.
   rC:        It greatly protects you from cold.
 A - a +0 rapier of venom
Missiles
 v - 8 javelins (quivered)
 H - 5 boomerangs
 L - a throwing net
Armour
 b - a +0 scale mail
 c - a +0 buckler (worn)
 i - a +0 cloak (worn)
 p - a +2 chain mail of cold resistance (worn)
 B - a +0 leather armour of fire resistance
 O - +0 steam dragon scales
Jewellery
 q - an amulet of guardian spirit (around neck)
 w - a ring of flight
 G - a ring of fire (left hand)
 I - an amulet of reflection
Wands
 j - a wand of digging (11)
 E - a wand of iceblast (4)
 P - a wand of polymorph (5)
 Q - a wand of acid (10)
Scrolls
 e - a scroll of noise {unknown}
 f - 6 scrolls of identify
 k - a scroll of fog {unknown}
 o - 2 scrolls of magic mapping
 r - a scroll of holy word {unknown}
 s - 2 scrolls of teleportation
 z - a scroll of summoning {unknown}
 K - a scroll of immolation {unknown}
 M - a scroll of blinking {unknown}
 N - a scroll of enchant weapon {unknown}
Potions
 d - 2 potions of might
 l - a potion of invisibility {unknown}
 m - 4 potions of curing
 n - a potion of resistance {unknown}
 t - 2 potions of lignification
 u - 2 potions of brilliance {unknown}
 C - a potion of heal wounds
 D - 2 potions of flight
 F - a potion of ambrosia {unknown}
 J - a potion of degeneration {unknown}


   Skills:
 + Level 7.4 Fighting
 + Level 7.7(8.9) Short Blades
 + Level 7.2(9.0) Long Blades
 + Level 9.1 Armour
 - Level 2.0 Dodging
 - Level 0.3 Stealth
 + Level 6.3 Shields
 * Level 3.5 Evocations


You had 8 spell levels left.
You didn't know any spells.
Your spell library contained the following spells:

 Spells                   Type           Power      Damage    Failure   Level
 Summon Small Mammal      Summ           0%         N/A       95%         1
 Sublimation of Blood     Necr           0%         N/A       99%         2
 Wereblood                Tmut           0%         N/A       99%         2
 Call Canine Familiar     Summ           0%         N/A       100%        3
 Summon Guardian Golem    Hex/Summ       0%         N/A       100%        3
 Summon Hydra             Summ           0%         N/A       100%        7


Dungeon Overview and Level Annotations

Branches:
Dungeon (9/15)             Temple (1/1) D:5           Sewer (visited)
   Lair: D:8-11         Orc: D:9-12

Altars:
Ashenzari
Cheibriados
Dithmenos
Elyvilon
Fedhas
Gozag
Hepliaklqana
Kikubaaqudgha
Makhleb
Nemelex Xobeh
Okawaru
Qazlal
Ru
Sif Muna
Trog
Uskayaw
Vehumet
Wu Jian
Xom
Yredelemnul
Zin
The Shining One

Shops:
D:1 :   D:8 (


Innate Abilities, Weirdness & Mutations

You have a pair of horns on your head.
You reflexively headbutt those who attack you in melee.


Message History

The yak is heavily wounded.
The yak gores you but does no damage. The yak barely misses you.
You hit the yak.
The yak is heavily wounded.
The yak gores you. The yak closely misses you. You furiously retaliate!
You headbutt the yak! You hit the yak.
The yak is severely wounded.
You hit the yak.
The yak is almost dead.
The yak gores you. The yak gores you!
* * * LOW HITPOINT WARNING * * *
You puncture the yak!
You kill the yak!
Your Armour skill increases to level 9!
You hit the yak but do no damage.
The yak is severely wounded.
You puncture the yak!
The yak is almost dead.
The yak gores you but does no damage. The yak gores you!
* * * LOW HITPOINT WARNING * * *
You puncture the yak!
You kill the yak!
You hit the yak but do no damage. You headbutt the yak!
The yak is moderately wounded.
You barely miss the yak.
The yak is moderately wounded.
The yak closely misses you.
You hit the yak.
The yak is heavily wounded.
The yak gores you but does no damage.
You completely miss the yak.
The yak is heavily wounded.
The yak gores you but does no damage.
You puncture the yak!
The yak is severely wounded.
The yak gores you!
* * * LOW HITPOINT WARNING * * *
The yak gores you!
You die...

###### #...(. .. ########.....
.. #............ .#
#............ .. #............
######. #...##...##..
#.....######...##...##..
#..#..Y@............#...
#..#..#Y............#...
#..#..#.............#...
########.....######........#...
.....Y.Y..........######...#...
..YY...................#...####
....##.........##......##'##...
... #.........##..............
. #.........##...##.........


You could see 2 yaks.

Vanquished Creatures
  A troll (D:5)
  2 hornets
  Grinder (D:6)
  4 yaks (D:9)
  Eustachio (D:5)
  A steam dragon (D:7)
  A water moccasin (D:7)
  2 ice beasts
  A necrophage (D:5)
  A black bear (D:5)
  An ogre (D:6)
  4 centaurs
  A phantom (D:7)
  A kobold brigand (Sewer)
  Blork the orc (D:5)
  A wyvern skeleton (D:5)
  A water moccasin skeleton (D:6)
  A water moccasin zombie (D:5)
  A centaur zombie (D:7)
  2 hounds
  2 gnoll shamans
  Crazy Yiuf (D:2)
  A jelly (D:6)
  A bullfrog skeleton (D:6)
  A centaur skeleton (D:7)
  2 iguanas (D:6)
  Ijyb (D:3)
  4 orc wizards
  13 gnolls
  11 adders
  A white imp (D:6)
  2 ufetubi
  4 dart slugs
  2 worms
  14 orcs
  11 bats
  3 endoplasms
  7 giant cockroaches
  10 goblins
  8 hobgoblins
  8 jackals
  9 kobolds
  7 quokkas
  5 ball pythons
  5 frilled lizards
  8 rats
170 creatures vanquished.

Vanquished Creatures (others)
  11 fungi
11 creatures vanquished.

Grand Total: 181 creatures vanquished

Notes
Turn   | Place    | Note
-------+----------+-------------------------------------------
     0 | D:1      | fragbeetle the Minotaur Fighter began the quest for the
                  | Orb.
     0 | D:1      | Reached XP level 1. HP: 19/19 MP: 0/0
   158 | D:1      | Found Seaff's Book Emporium.
   177 | D:1      | Reached XP level 2. HP: 23/27 MP: 1/1
   268 | D:1      | Reached skill level 4 in Armour
   409 | D:1      | Reached XP level 3. HP: 33/33 MP: 2/2
   810 | D:2      | Reached XP level 4. HP: 31/40 MP: 3/3
   944 | D:2      | Found a runed translucent door.
   945 | D:2      | Noticed Crazy Yiuf
   952 | D:2      | Killed Crazy Yiuf
  1789 | D:3      | Reached XP level 5. HP: 42/46 MP: 4/4
  1851 | D:3      | Noticed Ijyb
  1884 | D:3      | Killed Ijyb
  2511 | D:4      | Reached skill level 5 in Armour
  3033 | D:4      | Noticed a centaur
  3043 | D:4      | Killed a centaur
  3044 | D:4      | Reached skill level 5 in Long Blades
  3044 | D:4      | Reached XP level 6. HP: 34/53 MP: 3/5
  3247 | D:4      | Identified the +5 short sword "Yjehucib" {vorpal, rC++}
  3333 | D:5      | Entered Level 5 of the Dungeon
  3342 | D:5      | Noticed a troll
  3356 | D:5      | Killed a troll
  3357 | D:5      | Reached skill level 5 in Fighting
  3357 | D:5      | Reached skill level 1 in Dodging
  3357 | D:5      | Reached XP level 7. HP: 12/61 MP: 2/6
  3362 | D:5      | Reached skill level 5 in Shields
  3374 | D:5      | Noticed Eustachio
  3408 | D:5      | Killed Eustachio
  3409 | D:5      | Reached skill level 1 in Short Blades
  3409 | D:5      | Reached skill level 6 in Armour
  3608 | D:5      | Found a glowing drain.
  3612 | Sewer    | Entered a sewer
  3827 | Sewer    | Found a white marble altar of Elyvilon.
  4022 | D:5      | Noticed Blork the orc
  4032 | D:5      | Killed Blork the orc
  4063 | D:5      | Reached XP level 8. HP: 70/70 MP: 7/7
  4124 | D:5      | Found a staircase to the Ecumenical Temple.
  4133 | Temple   | Entered the Ecumenical Temple
  5324 | D:6      | Noticed Grinder
  5329 | D:6      | Killed Grinder
  5330 | D:6      | Reached skill level 5 in Short Blades
  5330 | D:6      | Reached skill level 7 in Armour
  5330 | D:6      | Reached skill level 1 in Evocations
  5753 | D:6      | Found a broken altar of Ashenzari.
  5766 | D:6      | Found a glowing golden altar of the Shining One.
  5769 | D:6      | Became a worshipper of the Shining One
  5938 | D:7      | Reached XP level 9. HP: 46/77 MP: 5/8
  6522 | D:7      | Paralysed by a hornet for 3 turns
  6531 | D:7      | Reached skill level 8 in Armour
  7182 | D:8      | Found Viezukun's Antique Weapon Emporium.
  7191 | D:8      | Noticed an eight-headed hydra
  7302 | D:8      | Paralysed by a hornet for 2 turns
  7512 | D:9      | Reached skill level 9 in Armour
  7519 | D:9      | Slain by a yak

Illustrated notes

Levels and vault maps discovered:
D:1:      amcnicky_arrival_single_pillar, layout_basic, serial_shops,
          nicolae_shop_advertising_works [nicolae_subvault_shop_adworks],
          chequers_serial_rivers_micro_e
D:2:      layout_rooms, kennysheep_pointless_box, minmay_surrounded,
          uniq_crazy_yiuf_cottage
D:3:      minmay_door_path, layout_basic, uniq_ijyb
D:4:      layout_loops_cross, serial_aquarium, aquarium_bridge_straight
          [aquarium_subvault_bridge, aquarium_subvault_window,
          aquarium_subvault_bridge, aquarium_subvault_window],
          aquarium_window_3, aquarium_window_1, aquarium_view_2d,
          aquarium_view_2b, aquarium_balcony_3a, aquarium_pool_four
D:5:      layout_cave_pools, minmay_temple_entry_mist, gup_sewer_entry_spiral,
          kennysheep_cross_room, uniq_eustachio, uniq_blork_the_orc
D:6:      layout_gridville, mainiacjoe_overflow_swirl, abandoned_shop,
          amcnicky_mini_rare_corridor_liquid, corexii_checkpoint_a,
          minivault_19, uniq_grinder
D:7:      layout_gridville, roderic_serpentine_path, nicolae_underground_beach
D:8:      minmay_evil_eye, layout_cave_pods, serial_shops, shop,
          nicolae_shop_gadgets, uniq_erica
D:9:      minmay_weird_star, layout_stronghold
Temple:   mainiacjoe_temple_cubbyholes

Skill      XL: |  1  2  3  4  5  6  7  8  9 |
---------------+----------------------------+-----
Armour         | 4 5 6 7 9 |  9.1
Shields        | 4 5 6 |  6.3
Long Blades    | 3 4 5 6 7 |  7.2
Fighting       | 4 5 6 7 |  7.4
Dodging        | 1 2 |  2.0
Short Blades   | 2 6 7 |  7.7
Evocations     | 1 3 |  3.5
Stealth        | |  0.3

Action                   |  1- 3 |  4- 6 |  7- 9 || total
-------------------------+-------+-------+-------++-------
Melee: Long sword        |    78 |   126 |       ||   204
       Headbutt          |     7 |    20 |    59 ||    86
       Short sword       |       |    10 |   284 ||   294
  Use: Scroll            |       |       |     3 ||     3
       Potion            |       |       |     4 ||     4
Armor: Scale mail        |    36 |    31 |       ||    67
       Chain mail        |       |    51 |   109 ||   160
Dodge: Dodged            |    31 |    85 |    92 ||   208
Block: Buckler           |    10 |    27 |    52 ||    89

Table legend: (Time is in decaauts)
 A = Elapsed time spent in this place.
 B = Non-inter-level travel time spent in this place.
 C = Inter-level travel time spent in this place.
 D = Time resting spent in this place.
 E = Time spent auto-exploring this place.
 F = Levels seen in this place.
 G = Mean time per level.
                   A        B        C        D        E       F      G
               +--------+--------+--------+--------+--------+-----+--------+
         Total |   7540 |   7399 |    141 |    751 |   4494 |  11 |  685.5 |
       Dungeon |   6788 |   6647 |    141 |    645 |   4106 |   9 |  754.2 |
        Temple |    456 |    456 |      0 |      0 |    388 |   1 |  456.0 |
         Sewer |    295 |    295 |      0 |    106 |      0 |   1 |  295.0 |
               +--------+--------+--------+--------+--------+-----+--------+

Top non-repeatable levels by time:
     D:7: 1374 daAuts
     D:5: 945 daAuts
     D:2: 887 daAuts
     D:4: 884 daAuts
     D:6: 860 daAuts
     D:3: 838 daAuts
     D:1: 763 daAuts
  Temple: 456 daAuts
   Sewer: 295 daAuts
     D:9: 203 daAuts
     D:8: 31 daAuts
